 Dungeon Crawl Stone Soup version 0.29-a0-911-g88e6f02907 (webtiles) character file.

Game seed: 6632626880832101474

43304 Aviak the Nimble (level 14, -13/105 HPs)
             Began as a Djinni Conjurer on July 25, 2022.
             Was a High Priest of Dithmenos.
             Mangled by a small abomination (14 damage)
             ... on level 5 of the Lair of Beasts.
             The game lasted 00:47:31 (23184 turns).

Aviak the Nimble (Djinni Conjurer)                 Turns: 23184, Time: 00:47:31

Health: -13/105    AC: 11    Str: 12    XL:     14   Next: 59%
Gold:   1105       EV: 21    Int: 25    God:    Dithmenos [*****.] SH:  0 Dex: 11

rFire   + + +      SeeInvis .   L - +7 war axe "Diuhebes" {freeze, rPois rF++ Stlth+}
rCold   + . .      Faith    .   (no shield)
rNeg    + + .      Spirit   .   u - +0 robe of the Sky {rF+ Str+6 Dex+3}
rPois   ∞          Reflect  .   k - +1 helmet "Wotipt" {rC+ rN+}
rElec   .          Harm     .   d - +1 cloak of the Evil One {rC+ rN+ rCorr Dex-4}
rCorr   +          Rampage  .   K - +0 pair of gloves
Will    +....                   (boots unavailable)
Stlth   ++++......              (no amulet)
HPRegen 0.27/turn               G - ring "Iheakomp" {rPois AC+4}
MPRegen 0.00/turn               E - +4 ring of evasion

@: about to teleport, flying, wreathed by umbra
A: sickness immunity, fire resistance 2, cold vulnerability 1, float, innate
caster, HP casting, extra vitality 1
a: Renounce Religion, Shadow Step, Shadow Form


You were on level 5 of the Lair of Beasts.
You worshipped Dithmenos.
Dithmenos was extremely pleased with you.
You visited 3 branches of the dungeon, and saw 15 of its levels.

You collected 1105 gold pieces.

Inventory:

Hand Weapons
 b - a +2 demon trident of electrocution
 y - a +1 rapier of venom
 L - the +7 war axe "Diuhebes" (weapon) {freeze, rPois rF++ Stlth+}
   (You found it on level 4 of the Lair of Beasts)

   It freezes those it strikes, dealing additional cold damage.
   It can also slow down cold-blooded creatures.
   rF:        It greatly protects you from fire.
   rPois:     It protects you from poison.
   Stlth:     It makes you more stealthy.
Missiles
 q - 2 throwing nets {!f}
Armour
 d - the +1 cloak of the Evil One (worn) {rC+ rN+ rCorr Dex-4}
   (You acquired it on level 4 of the Dungeon)

   Dex:       It affects your dexterity (-4).
   rC:        It protects you from cold.
   rN:        It protects you from negative energy.
   rCorr:     It protects you from acid and corrosion.
 k - the +1 helmet "Wotipt" (worn) {rC+ rN+}
   (You found it on level 2 of the Dungeon)

   rC:        It protects you from cold.
   rN:        It protects you from negative energy.
 u - the +0 robe of the Sky (worn) {rF+ Str+6 Dex+3}
   (You took it off an orc wizard on level 9 of the Dungeon)

   Str:       It affects your strength (+6).
   Dex:       It affects your dexterity (+3).
   rF:        It protects you from fire.
 v - +0 steam dragon scales
 B - an orb of light
 K - a +0 pair of gloves (worn)
Jewellery
 j - a ring of ice
 m - a ring of positive energy
 A - a +4 ring of protection
 C - a ring of protection from cold
 E - a +4 ring of evasion (right hand)
 G - the ring "Iheakomp" (left hand) {rPois AC+4}
   (You found it on level 6 of the Dungeon)

   [ring of protection]

   AC:        It affects your AC (+4).
   rPois:     It protects you from poison.
 T - a ring of wizardry
 Z - a ring of see invisible
Wands
 F - a wand of paralysis (17)
 J - a wand of mindburst (19)
 S - a wand of digging (5)
 U - a wand of roots (13)
Scrolls
 a - 5 scrolls of poison
 e - 3 scrolls of vulnerability {unknown}
 n - 2 scrolls of magic mapping
 s - a scroll of summoning {!r}
 t - 3 scrolls of teleportation
 x - 2 scrolls of blinking
 z - 3 scrolls of noise {!r!r}
 D - 4 scrolls of fog
 H - 3 scrolls of fear
 I - 2 scrolls of enchant weapon
 M - 3 scrolls of enchant armour {unknown}
 N - a scroll of immolation
 P - a scroll of silence {!r}
 Q - a scroll of brand weapon
Potions
 c - a potion of curing
 f - 3 potions of haste
 g - 3 potions of invisibility
 h - 2 potions of heal wounds
 l - 2 potions of cancellation
 o - 5 potions of attraction
 p - a potion of lignification {unknown}
 r - 3 potions of mutation {unknown}
 w - 2 potions of berserk rage {unknown}
 O - 2 potions of brilliance
 R - a potion of ambrosia {unknown}
 V - a potion of magic {unknown}


   Skills:
 + Level 11.3 Fighting
 - Level 9.5 Polearms
 - Level 13.0 Dodging
 - Level 1.5 Stealth
 - Level 10.3 Spellcasting
 - Level 7.7 Evocations


You had one spell level left.
You knew the following spells:

 Your Spells              Type           Power      Damage    Failure   Level
a - Magic Dart            Conj           100%       1d8       1%          1
b - Searing Ray           Conj           100%       2d8       1%          2
c - Dazzling Flash        Conj/Hex       100%       N/A       1%          3
d - Fulminant Prism       Conj/Hex       29%        3d14      1%          4
e - Iskenderun's Mystic   Conj/Tloc      59%        2d12      1%          4
f - Sting                 Tmut/Pois      100%       1d8       1%          1
g - Blink                 Tloc           100%       N/A       1%          2
h - Summon Ice Beast      Ice/Summ       59%        N/A       1%          4
i - Animate Armour        Summ/Erth      100%       N/A       1%          4
j - Blade Hands           Tmut           29%        N/A       1%          5
q - Scorch                Fire           100%       2d10      1%          2
Your spell library was empty.

Dungeon Overview and Level Annotations

Branches:
Dungeon (9/15) Zot: 25154  Temple (1/1) D:5 Zot: 5797    Lair (5/5) D:9 Zot: 19120
 Shoals (0/4) Lair:2       Spider (0/4) Lair:2        Slime (0/5) Lair:4
    Orc: D:9-12

Altars:
Ashenzari
Cheibriados
Dithmenos
Elyvilon
Fedhas
Gozag
Hepliaklqana
Makhleb
Nemelex Xobeh
Okawaru
Qazlal
Ru
Trog
Uskayaw
Wu Jian
Xom
Yredelemnul
Zin
The Shining One
Jiyva
Lugonu

Annotations:
Lair:1 2 transporters
Lair:4 3 runed translucent doors, Grwwl's ghost, journeyman HOFi


Innate Abilities, Weirdness & Mutations

You are immune to sickness and miasma.
You are immune to poison.
Your flesh is very heat resistant. (rF++)
You are vulnerable to cold. (rC-)
You float through the air rather than walking.
You learn spells naturally, not from books.
Your magical power is your life essence.
You have superior vitality. (+4 MHP)


Message History

As you read the scroll of teleportation, it crumbles to dust.
You feel strangely unstable.
A bullfrog comes into view.
A yak comes into view.
Your surroundings suddenly seem different.
A smoke demon, an ancient zyme, a red ugly thing, a blink frog and 2 small abominations come into view.
Found a wolf skeleton and a black bear skeleton.
A thrashing horror comes into view.
The smoke demon misses you. The smoke demon closely misses you.
The smoke demon misses you.
Casting: Scorch (safe; 1% risk of failure)
Confirm with . or Enter, or press ? or * to list all spells.
Okay, then.
As you read the scroll of teleportation, it crumbles to dust.
You feel strangely unstable. The smoke demon gestures at you.
Something smites you!
* * * LOW HITPOINT WARNING * * *
A brown ugly thing comes into view.
Unknown command.
Unknown command.
You feel better. The smoke demon gestures at you. Something smites you!
* * * LOW HITPOINT WARNING * * *
A small abomination comes into view.
The red ugly thing trunk-slaps you.
* * * LOW HITPOINT WARNING * * *
You are engulfed in flames.
You resist.
* * * LOW HITPOINT WARNING * * *
Blink to where?
Press: ? - help, Dir - move target A large abomination and a thrashing horror come into view.
Found a corrupted altar of Lugonu.
As you read the scroll of blinking, it crumbles to dust.
The thrashing horror roars!
A thrashing horror comes into view.
The large abomination moves out of view.
The small abomination attacks as you move away!
The small abomination hits you!
You die...

......÷.<.≈≈≈≈≈........
........†.≈≈≈≈≈..##....
......†.≈≈≈≈≈≈...#.....
..........≈≈≈≈.........
...........≈...........
...♣♣♣...............♣♣
.. ♣♣♣♣♣..........♣♣ ♣
♣♣♣♣♣♣♣...♣♣♣♣♣♣♣♣
♣♣♣÷x@.♣♣♣♣♣♣ ♣
♣...u.♣♣♣♣ ..♣♣♣
♣♣♣.3ux...F♣ ....♣
♣....♣..xF.. ♣..
..♣♣§..♣♣♣. ♣♣♣ ♣ ♣♣♣♣♣
XX ♣♣ _. ♣. .. ♣..
♣.F..


You could see 2 ugly things, an ancient zyme, 2 thrashing horrors, a smoke
demon, a blink frog (wandering) and 2 small abominations.

Vanquished Creatures
  4 entropy weavers (Lair:3)
  Fannar (Lair:1)
  4 hydras
  3 ghost crabs (Lair:3)
  Erica (D:9)
  5 fire crabs (Lair:3)
  Amaemon (D:9)
  2 oklob plants (Lair:2)
  An ugly thing (Lair:5)
  An apocalypse crab (Lair:3)
  7 elephants (Lair:4)
  An orange demon (D:9)
  3 black mambas
  2 rime drakes
  Joseph (Lair:1)
  7 cane toads
  7 komodo dragons
  A troll (D:9)
  An ancient zyme (Lair:5)
  A hornet (D:9)
  22 blink frogs
  A snapping turtle (Lair:2)
  A shadow (D:9)
  25 yaks
  A spriggan (Lair:5)
  A ynoxinul (Lair:5)
  4 wyverns
  Eustachio (D:6)
  8 basilisks
  A steam dragon (D:6)
  2 redbacks (Lair:2)
  11 water moccasins
  3 orc warriors
  An ice beast (D:7)
  2 sky beasts
  2 black bears
  5 small abominations (Lair:5)
  4 ogres
  32 wolves
  A centaur (D:8)
  2 phantoms
  3 kobold brigands
  10 bullfrogs
  2 gnoll sergeants
  3 scorpions
  2 necrophages
  13 wights
  8 killer bees (D:8)
  3 electric eels
  5 hounds
  A jelly (D:5)
  4 orc priests
  3 gnoll boudas
  2 iguanas (D:6)
  5 orc wizards
  3 adders
  23 gnolls
  An ufetubus (D:7)
  A worm (D:2)
  5 dart slugs
  21 orcs
  5 bats
  3 endoplasms
  A giant cockroach (D:4)
  5 hobgoblins
  6 jackals
  7 quokkas
  5 ball pythons
  4 frilled lizards
  4 goblins
  18 kobolds
  5 rats
365 creatures vanquished.

Vanquished Creatures (collateral kills)
  A boulder beetle (Lair:2)
  2 elephants (Lair:4)
  A cane toad (Lair:1)
  4 blink frogs
  2 basilisks
  A ynoxinul (Lair:5)
  2 yaks
  A small abomination (Lair:5)
  A bullfrog (Lair:1)
  An orc wizard (D:9)
  3 gnolls (D:7)
  An orc (D:9)
20 creatures vanquished.

Vanquished Creatures (others)
  103 fulminant prisms
  31 fungi
  39 plants
173 creatures vanquished.

Grand Total: 558 creatures vanquished

Notes
Turn   | Place    | Note
-------+----------+-------------------------------------------
     0 | D:1      | Aviak the Djinni Conjurer began the quest for the Orb.
     0 | D:1      | Aviak set off with the following spells memorised: Magic
                  | Dart, Searing Ray, Dazzling Flash, Fulminant Prism,
                  | Iskenderun's Mystic Blast.
     0 | D:1      | Reached XP level 1. HP: 15/15 MP: 0/0
   239 | D:1      | Reached XP level 2. HP: 10/22 MP: 0/0
   589 | D:1      | Reached skill level 1 in Fighting
   855 | D:2      | Reached XP level 3. HP: 15/27 MP: 0/0
   855 | D:2      | Learned a level 1 spell: Sting
  1011 | D:2      | Found a faded altar of an unknown god.
  1024 | D:2      | Identified the +1 helmet "Wotipt" {rC+ rN+}
  1416 | D:2      | Reached XP level 4. HP: 23/32 MP: 0/0
  2704 | D:3      | Reached XP level 5. HP: 28/38 MP: 0/0
  2704 | D:3      | Learned a level 2 spell: Scorch
  3476 | D:4      | Found a basalt altar of Yredelemnul.
  3479 | D:4      | Found a broken altar of Ashenzari.
  3482 | D:4      | Found a hide-covered altar of Uskayaw.
  3485 | D:4      | Found a glowing golden altar of the Shining One.
  3697 | D:4      | Reached XP level 6. HP: 29/45 MP: 0/0
  3846 | D:4      | Identified a scroll of acquirement
  4126 | D:4      | Acquired the +1 cloak of the Evil One {rC+ rN+ rCorr Dex-4}
  4131 | D:4      | Reached skill level 5 in Spellcasting
  4506 | D:5      | Entered Level 5 of the Dungeon
  4517 | D:5      | Noticed an ogre
  4518 | D:5      | Reached XP level 7. HP: 44/50 MP: 0/0
  4518 | D:5      | Learned a level 2 spell: Blink
  5100 | D:5      | Found a staircase to the Ecumenical Temple.
  5175 | Temple   | Entered the Ecumenical Temple
  5357 | Temple   | Became a worshipper of Dithmenos the Shadowed
  5574 | D:5      | Reached XP level 8. HP: 50/58 MP: 0/0
  6072 | D:6      | Reached skill level 5 in Fighting
  6136 | D:6      | Noticed Eustachio
  6151 | D:6      | Killed Eustachio
  6340 | D:6      | Noticed a wyvern
  6352 | D:6      | Killed a wyvern
  6353 | D:6      | Reached XP level 9. HP: 30/66 MP: 0/0
  6353 | D:6      | Learned a level 4 spell: Summon Ice Beast
  6832 | D:6      | Found a glowing silver altar of Zin.
  6901 | D:6      | Found an iron altar of Okawaru.
  7135 | D:6      | Identified the ring "Iheakomp" {rPois AC+4}
  7300 | D:7      | Reached * piety under Dithmenos
  7945 | D:7      | Reached XP level 10. HP: 60/75 MP: 0/0
  8696 | D:7      | Reached ** piety under Dithmenos
 10035 | D:8      | Reached skill level 10 in Spellcasting
 10640 | D:9      | Noticed Erica
 10645 | D:9      | Killed Erica
 10646 | D:9      | Reached skill level 3 in Dodging
 10646 | D:9      | Reached skill level 1 in Evocations
 10665 | D:9      | Reached XP level 11. HP: 27/82 MP: 0/0
 10665 | D:9      | Learned a level 4 spell: Animate Armour
 10671 | D:9      | Noticed Amaemon
 10673 | D:9      | Found a white marble altar of Elyvilon.
 10934 | D:9      | Acquired a +2 demon trident of electrocution
 10948 | D:9      | Reached *** piety under Dithmenos
 10949 | D:9      | Reached skill level 4 in Dodging
 10959 | D:9      | Killed Amaemon
 10960 | D:9      | Reached skill level 1 in Polearms
 11325 | D:9      | Identified the +0 robe of the Sky {rF+ Str+6 Dex+3}
 11412 | D:9      | Found a staircase to the Lair.
 11469 | D:9      | Reached skill level 5 in Dodging
 12294 | Lair:1   | Entered Level 1 of the Lair of Beasts
 12427 | Lair:1   | Reached skill level 6 in Dodging
 12535 | Lair:1   | Reached skill level 5 in Evocations
 13072 | Lair:1   | Found a transporter.
 13091 | Lair:1   | Found a transporter.
 13096 | Lair:1   | Noticed Joseph
 13103 | Lair:1   | Killed Joseph
 13139 | Lair:1   | Noticed a swamp dragon
 13139 | Lair:1   | Noticed a swamp dragon
 13140 | Lair:1   | Noticed a swamp dragon
 13332 | Lair:1   | Noticed Fannar
 13333 | Lair:1   | Noticed a six-headed hydra
 13342 | Lair:1   | Killed Fannar
 13343 | Lair:1   | Reached skill level 7 in Dodging
 13343 | Lair:1   | Reached XP level 12. HP: 56/88 MP: 0/0
 13345 | Lair:1   | Killed a six-headed hydra
 13990 | Lair:2   | Noticed an eight-headed hydra
 13997 | Lair:2   | Reached **** piety under Dithmenos
 14010 | Lair:2   | Killed an eight-headed hydra
 14011 | Lair:2   | Reached skill level 5 in Polearms
 14013 | Lair:2   | Reached skill level 8 in Dodging
 14413 | Lair:2   | Found a staircase to the Shoals.
 15015 | Lair:2   | Noticed a boulder beetle
 15037 | Lair:2   | Killed a boulder beetle
 15190 | Lair:2   | Reached skill level 9 in Dodging
 15427 | Lair:2   | Found a hole to the Spider Nest.
 15523 | Lair:2   | Found a blossoming altar of Fedhas.
 15753 | Lair:2   | Reached XP level 13. HP: 72/93 MP: 0/0
 15753 | Lair:2   | Learned a level 5 spell: Blade Hands
 16542 | Lair:3   | Reached skill level 10 in Dodging
 16815 | Lair:3   | Found a runed translucent door.
 17216 | Lair:3   | Reached skill level 11 in Dodging
 17804 | Lair:3   | Noticed an entropy weaver
 17816 | Lair:3   | Killed an entropy weaver
 18317 | Lair:3   | Noticed an entropy weaver
 18325 | Lair:3   | Killed an entropy weaver
 18660 | Lair:3   | Noticed a ghost crab
 18664 | Lair:3   | Noticed an entropy weaver
 18671 | Lair:3   | Killed a ghost crab
 18672 | Lair:3   | Reached skill level 12 in Dodging
 19072 | Lair:3   | Killed an entropy weaver
 19159 | Lair:3   | Noticed a ghost crab
 19170 | Lair:3   | Killed a ghost crab
 19355 | Lair:3   | Noticed a ghost crab
 19355 | Lair:3   | Noticed an entropy weaver
 19452 | Lair:3   | HP: 3/93 [entropy weaver (5)]
 19840 | Lair:3   | Killed an entropy weaver
 19846 | Lair:3   | Killed a ghost crab
 20318 | Lair:4   | Noticed a five-headed hydra
 20327 | Lair:4   | Killed a five-headed hydra
 20483 | Lair:4   | Reached XP level 14. HP: 66/99 MP: 0/0
 20823 | Lair:4   | Found a runed translucent gate.
 20823 | Lair:4   | Found a runed translucent gate.
 21179 | Lair:4   | Identified the +7 war axe "Diuhebes" {freeze, rPois rF++
                  | Stlth+}
 21186 | Lair:4   | Noticed Grwwl's ghost (journeyman HOFi)
 21188 | Lair:4   | Noticed a minotaur
 21204 | Lair:4   | Found a runed translucent gate.
 21270 | Lair:4   | Found a viscous altar of Jiyva.
 21271 | Lair:4   | Found a staircase to the Slime Pits.
 21343 | Lair:4   | Reached skill level 13 in Dodging
 21716 | Lair:5   | Entered Level 5 of the Lair of Beasts
 21720 | Lair:5   | Reached ***** piety under Dithmenos
 22455 | Lair:5   | Reached skill level 10 in Fighting
 23140 | Lair:5   | Identified the ring "Georph" {rF+ SInv}
 23182 | Lair:5   | HP: 3/105 [red ugly thing (5)]
 23182 | Lair:5   | HP: 1/105 [red ugly thing (2)]
 23183 | Lair:5   | Found a corrupted altar of Lugonu.
 23184 | Lair:5   | Mangled by a small abomination

Illustrated notes

Levels and vault maps discovered:
D:1:      wander_arrival_peaceful_grave, layout_rooms
D:2:      layout_basic, hellmonk_ecumenical_altar_lost_god,
          kennysheep_pointless_box
D:3:      layout_loops_ring, chequers_serial_rivers_large_a,
          minmay_quadrilaterals
D:4:      layout_gridville, grunt_temple_overflow_cloverleaf,
          mainiacjoe_overflow_brackets, grunt_decor_junction,
          grunt_decor_one_mirror
D:5:      layout_loops_cross, temple_hall
D:6:      layout_rooms, zin_treasury, okawaru_gym_becter, uniq_eustachio
D:7:      kennysheep_spiral_hall, layout_loops_ring, hangedman_minor_gate_pass
D:8:      layout_gridville, mainiacjoe_overflow_small_starburst,
          kennysheep_generic_room_2
D:9:      layout_basic, elyvilon_altar_5, dpeg_oklobed_lair, uniq_amaemon,
          uniq_erica
Temple:   nicolae_temple_figure_eight
Lair:1:   gammafunk_cloud_chamber, layout_regular_city, bh_autumn_forest_stairs,
          uniq_fannar, uniq_joseph
Lair:2:   layout_roguey, minmay_shoals_entry_hut, spider_nest_entry_webs,
          hangedman_tree_tricks
Lair:3:   gammafunk_mikee_crab_dinner, layout_misc_corridors,
          infiniplex_staircase_pool_2
Lair:4:   layout_misc_corridors, dpeg_slime_entry_enclosed,
          maelrawn_ghost_gauntlet_escape, serial_rivers,
          chequers_serial_rivers_micro_a, chequers_serial_rivers_small_b,
          chequers_serial_rivers_room_a, chequers_serial_rivers_small_3,
          chequers_serial_rivers_micro_a, chequers_serial_rivers_small_3,
          chequers_serial_rivers_large_b
Lair:5:   hellmonk_lair_end_abyssal_woods, layout_regular_city,
          nicolae_lair_lakeside_cave, infiniplex_staircase_pool,
          serial_bayou_shore_b, serial_bayou_shore_b

Skill      XL: |  1  2  3  4  5  6  7  8  9 10 11 12 13 14 |
---------------+-------------------------------------------+-----
Fighting       | 1 2 3 4 6 7 8 11 | 11.3
Spellcasting   | 4 5 6 7 8 10 | 10.3
Dodging        | 3 7 9 12 13 | 13.0
Evocations     | 2 6 7 |  7.7
Polearms       | 4 6 9 |  9.5
Stealth        | |  1.5

Action                   |  1- 3 |  4- 6 |  7- 9 | 10-12 | 13-15 || total
-------------------------+-------+-------+-------+-------+-------++-------
Melee: Dagger            |    21 |       |       |       |       ||    21
       Rapier            |       |       |    13 |    10 |       ||    23
       Demon trident     |       |       |       |    51 |    68 ||   119
       Punch             |       |       |       |       |     4 ||     4
       War axe           |       |       |       |       |    59 ||    59
 Cast: Magic Dart        |    39 |    59 |    31 |    22 |    12 ||   163
       Searing Ray       |     2 |     4 |     1 |     4 |     1 ||    12
       Sting             |    14 |       |       |       |       ||    14
       Scorch            |       |    27 |   102 |   150 |    80 ||   359
       Fulminant Prism   |       |       |     5 |    42 |    56 ||   103
       Iskenderun's Myst |       |       |     3 |    36 |    63 ||   102
       Summon Ice Beast  |       |       |     2 |    15 |    11 ||    28
       Animate Armour    |       |       |       |     3 |       ||     3
       Dazzling Flash    |       |       |       |     4 |       ||     4
       Blink             |       |       |       |     1 |     1 ||     2
Evoke: Wand              |       |       |       |       |     7 ||     7
  Use: Scroll            |       |     5 |       |     9 |    17 ||    31
       Potion            |       |       |       |     2 |     3 ||     5
 Stab: Sleeping          |       |       |       |     3 |     1 ||     4
       Paralysed         |       |       |       |       |     3 ||     3
       Distracted        |       |       |       |       |     2 ||     2
Armor: Leather armour    |    10 |     6 |     3 |       |       ||    19
       Steam dragon scal |       |       |    16 |    42 |       ||    58
       Robe              |       |       |       |    22 |    87 ||   109
Dodge: Dodged            |    26 |     3 |    25 |   100 |   198 ||   352

Table legend: (Time is in decaauts)
 A = Elapsed time spent in this place.
 B = Non-inter-level travel time spent in this place.
 C = Inter-level travel time spent in this place.
 D = Time resting spent in this place.
 E = Time spent auto-exploring this place.
 F = Levels seen in this place.
 G = Mean time per level.
                   A        B        C        D        E       F      G
               +--------+--------+--------+--------+--------+-----+--------+
         Total |  23187 |  22326 |    861 |   4342 |  15433 |  15 | 1545.8 |
       Dungeon |  12105 |  11725 |    380 |    931 |   9532 |   9 | 1345.0 |
        Temple |    202 |    183 |     19 |      0 |    170 |   1 |  202.0 |
          Lair |  10879 |  10417 |    462 |   3411 |   5731 |   5 | 2175.8 |
               +--------+--------+--------+--------+--------+-----+--------+

Top non-repeatable levels by time:
  Lair:3: 3844 daAuts
  Lair:2: 2421 daAuts
  Lair:4: 2146 daAuts
     D:9: 1845 daAuts
     D:7: 1742 daAuts
  Lair:1: 1672 daAuts
     D:8: 1553 daAuts
     D:2: 1444 daAuts
     D:5: 1354 daAuts
     D:3: 1144 daAuts
     D:4: 1111 daAuts
     D:6: 1106 daAuts
     D:1: 803 daAuts
  Lair:5: 794 daAuts
  Temple: 202 daAuts
